 Dungeon Crawl Stone Soup version 0.31-a0-851-g7ff8af7976 (webtiles) character file.

Game seed: 14202022551432702630

2 Kurtz the Sneak (level 1, -1/21 HPs)
             Began as a Naga Delver on Oct 7, 2023.
             Slain by a white imp (4 damage)
             ... on level 6 of the Dungeon.
             The game lasted 00:00:09 (96 turns).

Kurtz the Sneak (Naga Delver)                         Turns: 96, Time: 00:00:09

Health: -1/21      AC:  1    Str: 14    XL:     1   Next: 30%
Magic:  1/1        EV:  9    Int: 10    God:
Gold:   0          SH:  0    Dex: 12    Spells: 0/0 levels left

rFire   . . .        a - +0 hand axe
rCold   . . .        (no shield)
rNeg    . . .        b - +0 leather armour
rPois   +            (no helmet)
rElec   .            (no cloak)
rCorr   .            (no gloves)
SInv    +            (no barding)
Will    .....        (no amulet)
Stlth   +++          (no ring)
HPRegen 0.23/turn    (no ring)
MPRegen 0.07/turn

%: no passive effects
@: very slow
A: AC +0, large, see invisible, deformed body, poison resistance, slowness 2,
spit poison 1, naga tail 1
a: Spit Poison


You were on level 6 of the Dungeon.
You visited 1 branch of the dungeon, and saw 2 of its levels.

Inventory:

Hand Weapons
 a - a +0 hand axe (weapon)
Armour
 b - a +0 leather armour (worn)
Wands
 g - a wand of digging (3)
Scrolls
 c - a scroll of fog
 d - a scroll of revelation
 e - a scroll of fear
 h - a scroll of identify {unknown}
Potions
 f - a potion of haste


   Skills:
 - Level 3.0 Fighting
 * Level 2.2 Axes
 - Level 1.5 Dodging
 - Level 7.2 Stealth


You couldn't memorise any spells.
You didn't know any spells.
Your spell library was empty.

Dungeon Overview and Level Annotations

Branches:
Dungeon (6/15)
 Temple: D:4-7

Altars:
Vehumet

Annotations:
D:6 1 transporter


Innate Abilities, Weirdness & Mutations

Your serpentine skin is tough. (AC +0)
You have supernaturally acute eyesight. (SInv)
Armour fits poorly on your strangely shaped body.
Your system is resistant to poisons. (rPois)
You cover ground very slowly.
You can spit poison.
You have a snake-like lower body.


Message History

An iguana comes into view.
The orc wizard mumbles some strange words.
The orc wizard flickers and vanishes for a moment.
The orc shouts!
The orc attacks as it pursues you! The orc barely misses you.
The orc hits you with a +5 short sword!
There is a stone staircase leading down here.
The orc misses you.
You climb downwards.
Found a pair of boots and 19 gold pieces.
There is a stone staircase leading up here.
You hit the orc.
The orc is moderately wounded.
The orc hits you with a +5 short sword!
* * * LOW HITPOINT WARNING * * *
You are too injured to fight recklessly!
You are too injured to fight recklessly!
You are too injured to fight recklessly!
You hit the orc.
You kill the orc!
Found four items.
Found a transporter.
Things that are here:
a +5 short sword; a +0 ring mail; an orc corpse
Found 7 gold pieces.
Found a radiant altar of Vehumet.
Things that are here:
a +5 short sword; a +0 ring mail; an orc corpse
There is a stone staircase leading up, spattered with blood here.
You start resting.
A sleepcap comes into view.
A white imp comes into view.
A black bear comes into view.
The black bear growls angrily.
The white imp hits you. The white imp freezes you.
* * * LOW HITPOINT WARNING * * *
There are monsters nearby!
The black bear closely misses you. x2; The black bear claws you.
* * * LOW HITPOINT WARNING * * *
You closely miss the black bear. You hit the white imp but do no damage.
The white imp hits you.
You die...

....#########
#.#!#..........
......f.#
.#.####)# #<#
###.##.#
#......##
#...###5####.##
.... #.@h....#
### #.#.......
..##.#...## #.#
.# ..# ... ..
... ### ## ##


You could see a black bear and a white imp.

Vanquished Creatures
  An orc (D:6)
1 creature vanquished.

Notes
Turn   | Place    | Note
-------+----------+-------------------------------------------
     0 | D:5      | Kurtz the Naga Delver began the quest for the Orb.
     0 | D:5      | Reached XP level 1. HP: 21/21 MP: 1/1
    64 | D:5      | Noticed an orc wizard
    65 | D:5      | Noticed an iguana
    76 | D:6      | Found a transporter.
    76 | D:6      | Noticed a vampire mosquito
    76 | D:6      | Noticed a gargoyle
    77 | D:6      | Found a radiant altar of Vehumet.
    91 | D:6      | Noticed a sleepcap
    93 | D:6      | Noticed a black bear
    96 | D:6      | Slain by a white imp

Illustrated notes

Levels and vault maps discovered:
D:5:      layout_rooms, temple_statues, minmay_misc_feat_rows
D:6:      layout_loops_corners, gammafunk_temple_overflow_arena

Action                     || total
---------------------------++-------
  Melee: Hand axe          ||     3
 Armour: Leather armour    ||     5
  Dodge: Dodged            ||     4

Table legend: (Time is in decaauts)
 A = Elapsed time spent in this place.
 B = Non-inter-level travel time spent in this place.
 C = Inter-level travel time spent in this place.
 D = Time resting spent in this place.
 E = Time spent auto-exploring this place.
 F = Levels seen in this place.
 G = Mean time per level.
                   A        B        C        D        E       F      G
               +--------+--------+--------+--------+--------+-----+--------+
         Total |    127 |    127 |      0 |     12 |     85 |   2 |   63.5 |
       Dungeon |    127 |    127 |      0 |     12 |     85 |   2 |   63.5 |
               +--------+--------+--------+--------+--------+-----+--------+

Top non-repeatable levels by time:
     D:5: 101 daAuts
     D:6: 26 daAuts
